 Dungeon Crawl Stone Soup version 0.29.1-13-g9f3cf754e1 (webtiles) character file.

Game seed: 17218549701045796178

147 Heoruswealwe the Grave Robber (level 5, -9/28 HPs)
             Began as a Deep Elf Necromancer on Feb 8, 2023.
             Mangled by a quicksilver ooze (11 damage)
             ... created by the all-consuming vengeance of Jiyva
             ... on level 2 of the Dungeon.
             The game lasted 00:22:25 (1369 turns).

Heoruswealwe the Grave Robber (DENe)                Turns: 1369, Time: 00:22:25

Health: -9/28      AC:  2    Str:  5    XL:     5   Next: 7%
Magic:  0/14       EV: 13    Int: 22    God:
Gold:   89         SH:  0    Dex: 15    Spells: 9/13 levels left

rFire   . . .      SeeInvis .   E - +1 dagger (venom)
rCold   . . .      Faith    .   (no shield)
rNeg    . . .      Spirit   .   a - +0 robe
rPois   .          Reflect  .   (no helmet)
rElec   .          Harm     .   (no cloak)
rCorr   .          Rampage  .   (no gloves)
Will    .....                   (no boots)
Stlth   ++........              (no amulet)
HPRegen 0.09/turn               (no ring)
MPRegen 0.14/turn               (no ring)

@: engulfed (cannot breathe)
A: no striking features
a: no special abilities


You were on level 2 of the Dungeon.
You visited 1 branch of the dungeon, and saw 2 of its levels.

You collected 89 gold pieces.

Inventory:

Hand Weapons
 f - a +0 dagger
 g - a +0 whip
 i - a +0 dagger
 k - a +0 club
 l - a +0 club
 o - a +0 short sword
 q - a +0 mace
 r - a +0 short sword
 u - a +0 club
 z - a +0 club
 A - a +0 short sword
 B - a +0 club
 C - a +0 dagger
 E - a +1 dagger of venom (weapon)
Missiles
 h - 40 stones
Armour
 a - a +0 robe (worn)
 m - a +0 ring mail
 w - a +0 scale mail
 D - a +0 robe
Jewellery
 y - an amulet of faith
Wands
 x - a wand of roots (10)
Scrolls
 j - a scroll of butterflies
 s - a scroll of teleportation
 t - a scroll of noise {unknown}
 v - 2 scrolls of brand weapon {unknown}
Potions
 b - a potion of magic
 c - a potion of degeneration {unknown}
 d - 2 potions of mutation {unknown}
 e - 2 potions of berserk rage {unknown}
 n - a potion of lignification {unknown}
 p - a potion of heal wounds {unknown}


   Skills:
 + Level 2.9 Dodging
 + Level 2.9 Stealth
 + Level 4.7 Spellcasting
 + Level 6.5 Necromancy


You had 9 spell levels left.
You knew the following spells:

 Your Spells              Type           Power      Damage    Failure   Level
a - Necrotise             Necr           100%       1d9       1%          1
b - Vampiric Draining     Necr           34%        2d8       1%          3

Your spell library contained the following spells:

 Spells                   Type           Power      Damage    Failure   Level
 Animate Dead             Necr           34%        N/A       7%          4
 Agony                    Necr           34%        N/A       19%         5
 Animate Armour           Summ/Erth      10%        N/A       71%         4
 Blade Hands              Tmut           2%         N/A       96%         5
 Iron Shot                Conj/Erth      2%         9d2       100%        6


Dungeon Overview and Level Annotations

Branches:
Dungeon (2/15)

Altars:
Jiyva

Shops:
D:2 *


Message History

Your hobgoblin skeleton crumbles into dust!
A goblin comes into view. It is wielding a +1 dagger of venom.
Casting: Necrotise (safe; 1% risk of failure)
Confirm with . or Enter, or press ? or * to list all spells.
Aiming: Necrotise (safe; 1% risk of failure)
Press: ? - help, Shift-Dir - straight line, f - goblin
Aim: a goblin, wielding a +1 dagger of venom (asleep, chance to affect: 93%)
The goblin shouts!
The goblin writhes in agony.
You kill the goblin!
The dead are walking!
You see here a +1 dagger of venom.
E - a +1 dagger of venom Your +1 dagger of venom begins to drip with poison!
E - a +1 dagger of venom (weapon)
Your goblin skeleton crumbles into dust!
Some slimes ooze up out of the ground!
A shining eye and a quicksilver ooze come into view.
Casting: Necrotise (safe; 1% risk of failure)
Confirm with . or Enter, or press ? or * to list all spells.
Aiming: Vampiric Draining (safe; 1% risk of failure)
Press: ? - help, Shift-Dir - straight line, f - quicksilver ooze
Aim: a quicksilver ooze (durably summoned)
You draw life force from the quicksilver ooze!
Casting: Vampiric Draining (safe; 1% risk of failure)
Confirm with . or Enter, or press ? or * to list all spells.
Aiming: Vampiric Draining (safe; 1% risk of failure)
Press: ? - help, Shift-Dir - straight line, f/p - quicksilver ooze
Aim: a quicksilver ooze (lightly wounded, durably summoned)
You draw life force from the quicksilver ooze.
The quicksilver ooze hits you!!
Ouch! That really hurt!
* * * LOW HITPOINT WARNING * * *
The quicksilver ooze engulfs you! The quicksilver ooze hits you.
* * * LOW HITPOINT WARNING * * *
You feel your power leaking away.
You slip free of the ooze engulfing you.
The quicksilver ooze attacks as you move away!
The quicksilver ooze hits you!
You die...

..# #.# #.# ...
######### #.#
#.......# #.#
#.......#
###G####.......#
#..............#
#@#.##.........#
#J#.##...<.....#
#...##........>#
#.####.........#
###..............# #
#......#.........# #
#.#.##.#.........# #
#.#.##.#.........###
#
#.#........##.......


You could see a shining eye and a quicksilver ooze.

Vanquished Creatures
  Natasha (thrice) (D:2)
  3 adders (D:2)
  2 dart slugs (D:1)
  2 ball pythons (D:1)
  3 endoplasms (D:1)
  3 giant cockroaches (D:1)
  4 goblins
  3 hobgoblins
  4 jackals (D:1)
  5 kobolds
  A quokka (D:2)
  2 bats
  A frilled lizard (D:1)
  4 rats
40 creatures vanquished.

Vanquished Creatures (collateral kills)
  An endoplasm (D:1)
  A goblin (D:2)
  A ball python (D:2)
3 creatures vanquished.

Grand Total: 43 creatures vanquished

Notes
Turn   | Place    | Note
-------+----------+-------------------------------------------
     0 | D:1      | Heoruswealwe the Deep Elf Necromancer began the quest for
                  | the Orb.
     0 | D:1      | Reached XP level 1. HP: 10/10 MP: 6/6
    63 | D:1      | Reached skill level 5 in Necromancy
   147 | D:1      | Reached XP level 2. HP: 15/15 MP: 5/8
   593 | D:1      | Reached XP level 3. HP: 19/19 MP: 6/9
   734 | D:2      | Noticed Natasha
   741 | D:1      | Learned a level 3 spell: Vampiric Draining
   746 | D:2      | Killed Natasha
   747 | D:2      | Reached skill level 6 in Necromancy
   820 | D:2      | Noticed Natasha
   823 | D:2      | Killed Natasha
   824 | D:2      | Reached XP level 4. HP: 13/24 MP: 1/12
  1006 | D:2      | Found Yrat's General Store.
  1135 | D:2      | Noticed Natasha
  1141 | D:2      | Killed Natasha
  1253 | D:2      | Reached XP level 5. HP: 28/28 MP: 8/14
  1255 | D:2      | Found a faded altar of an unknown god.
  1264 | D:2      | Prayed at the altar of an unknown god.
  1264 | D:2      | Became a worshipper of Jiyva Jewnegh the Shapeless
  1264 | D:2      | Reached * piety under Jiyva
  1266 | D:2      | Fell from the grace of Jiyva
  1367 | D:2      | Noticed a shining eye
  1367 | D:2      | Noticed a quicksilver ooze
  1369 | D:2      | Mangled by a quicksilver ooze

Illustrated notes

Levels and vault maps discovered:
D:1:      eino_arrival_cavern_e, layout_loops_ring
D:2:      layout_loops_cross, ebering_ecumenical_altar_sacrificial,
          serial_shops, shop, uniq_natasha

Skill      XL: |  1  2  3 |
---------------+----------+-----
Necromancy     | 5 6 |  6.5
Spellcasting   | 4 |  4.7
Dodging        | |  2.9
Stealth        | |  2.9

Action                   |  1- 3 |  4- 6 || total
-------------------------+-------+-------++-------
 Cast: Necrotise         |    45 |    15 ||    60
       Vampiric Draining |     4 |     7 ||    11
Invok: Renounce Religion |       |     1 ||     1
  Use: Scroll            |     2 |       ||     2
Armor: Robe              |       |     2 ||     2
Dodge: Dodged            |     7 |     4 ||    11
